 Dungeon Crawl Stone Soup version 0.27.1-33-g824d729ab1 (webtiles) character file.

Game seed: 5488944717635588030

523 jlumianski the Ducker (level 7, -8/81 HPs)
             Began as a Gnoll Monk on Dec 23, 2021.
             Was a Believer of Hepliaklqana.
             Mangled by Harold (10 damage)
             ... on level 8 of the Dungeon.
             The game lasted 00:17:02 (3825 turns).

jlumianski the Ducker (Gnoll Monk)                  Turns: 3825, Time: 00:17:03

Health: -8/81      AC: 15    Str: 13    XL:     7   Next: 22%
Magic:  9/10       EV:  7    Int:  9    God:    Hepliaklqana [**....]
Gold:   191        SH:  0    Dex: 14    Spells: 10/10 levels left

rFire    . . .     SeeInvis .   l - +2 dagger (venom)
rCold    . . .     Faith    .   (no shield)
rNeg     . . .     Spirit   .   y - +0 chain mail
rPois    .         Reflect  .   k - +0 helmet
rElec    .         Harm     .   (no cloak)
rCorr    .         Rampage  .   (no gloves)
Will     +....                  i - +0 pair of boots
Stlth    ..........             (no amulet)
HPRegen  0.23/turn              A - +4 ring of protection
MPRegen  0.12/turn              s - ring of willpower

@: berserking (expiring), very quick
A: reduced essence, fangs 1, strong nose, distributed training
a: Renounce Religion, Recall Ancestor, Ancestor Identity


You were on level 8 of the Dungeon.
You worshipped Hepliaklqana.
Hepliaklqana was pleased with you.
You visited 1 branch of the dungeon, and saw 6 of its levels.

You collected 191 gold pieces.

Inventory:

Hand Weapons
 a - a +0 hand axe
 d - a +1 hunting sling of freezing
 l - a +2 dagger of venom (weapon)
Missiles
 m - 80 stones (quivered)
 n - 4 boomerangs
Armour
 b - a +0 robe
 i - a +0 pair of boots (worn)
 j - a +0 scale mail
 k - a +0 helmet (worn)
 y - a +0 chain mail (worn)
Magical Staves
 h - a staff of conjuration
 x - a staff of earth
Jewellery
 c - a +4 ring of evasion
 e - an amulet of magic regeneration
 s - a ring of willpower (right hand)
 A - a +4 ring of protection (left hand)
Scrolls
 v - a scroll of fog {unknown}
 w - a scroll of vulnerability {unknown}
 z - 2 scrolls of enchant armour {unknown}
Potions
 g - 2 potions of ambrosia
 o - 2 potions of curing
 r - a potion of might
 t - a potion of lignification {unknown}
 u - a potion of heal wounds {unknown}
Miscellaneous
 f - a phantom mirror


   Skills:
 + Level 7.0 Fighting
 + Level 2.3 Short Blades
 + Level 2.3 Long Blades
 + Level 7.0 Axes
 + Level 2.3 Maces & Flails
 + Level 2.3 Polearms
 + Level 2.3 Staves
 + Level 2.3 Slings
 + Level 2.3 Bows
 + Level 2.3 Crossbows
 + Level 2.3 Throwing
 + Level 2.3 Armour
 + Level 7.0 Dodging
 + Level 4.8 Stealth
 + Level 2.3 Shields
 + Level 2.3 Unarmed Combat
 + Level 2.3 Spellcasting
 + Level 1.9 Conjurations
 + Level 1.9 Hexes
 + Level 1.9 Summonings
 + Level 1.9 Necromancy
 + Level 1.9 Translocations
 + Level 1.9 Transmutations
 + Level 1.9 Fire Magic
 + Level 1.9 Ice Magic
 + Level 1.9 Air Magic
 + Level 1.9 Earth Magic
 + Level 1.9 Poison Magic
 + Level 2.6 Invocations
 + Level 2.3 Evocations


You had 10 spell levels left.
You didn't know any spells.
Your spell library was empty.

Dungeon Overview and Level Annotations

Branches:
Dungeon (5/15)
 Temple: D:4-7

Altars:
Cheibriados
Fedhas
Hepliaklqana
Ru
Zin

Annotations:
D:4 Dowan, Duvessa
D:8 Harold


Innate Abilities, Weirdness & Mutations

Your life essence is reduced to manifest your ancestor. (-10% HP)
You have very sharp teeth.
Your uncanny sense of smell can sniff out nearby items.
Your experience applies equally to all skills.


Message History

Harold is lightly wounded.
Harold hits you with a +0 scimitar.
You hit Harold.
Harold is poisoned.
Harold is lightly wounded.
You barely miss Harold.
Harold is lightly wounded.
Harold hits you with a +0 scimitar! The orc closely misses you.
Okay, then.
You puncture Harold!
Harold looks as sick as possible!
You bite Harold.
Harold is moderately wounded.
The orc warrior hits you with a +0 mace.
Harold hits you but does no damage. The orc hits you with a +0 mace.
* * * LOW HITPOINT WARNING * * *
You puncture Harold!
Harold looks as sick as possible!
Harold is heavily wounded.
The orc barely misses you.
The orc warrior hits you but does no damage.
You puncture Harold!
Harold looks as sick as possible!
Harold is heavily wounded.
An orc warrior comes into view. It is wielding a +0 battleaxe.
Harold hits you with a +0 scimitar!
* * * LOW HITPOINT WARNING * * *
The orc hits you with a +0 mace.
* * * LOW HITPOINT WARNING * * *
The orc hits you but does no damage.
You are too berserk!
You hit Harold.
Harold looks as sick as possible!
Harold is severely wounded.
The orc warrior closely misses you. Harold hits you but does no damage.
You puncture Harold!
Harold looks as sick as possible!
Harold is almost dead.
The orc hits you but does no damage.
The orc hits you from afar with a +0 trident.
* * * LOW HITPOINT WARNING * * *
You barely miss Harold. Your bite misses Harold.
Harold is almost dead.
The orc warrior hits you with a +0 mace.
* * * LOW HITPOINT WARNING * * *
Harold hits you with a +0 scimitar!
You die...

########.####..#
#..............#
#........##...##
#.............#
#...!...##...##
#......)..o..#
#......o###.o#
#$....oo# #..#
...#####@###.##
.. #o@...# # ∆
..oo...##
@####..# #.)#
...# ##.## .. .#


You could see Harold (extremely poisoned), 2 orc warriors and 4 orcs.

Vanquished Creatures
  A hound (D:3)
  Jessica (D:2)
  Terence (D:3)
  Robin (D:2)
  4 adders
  4 dart slugs
  8 orcs
  8 endoplasms
  A giant cockroach (D:1)
  16 goblins
  11 hobgoblins
  3 jackals (D:1)
  3 quokkas
  9 ball pythons
  4 bats
  6 frilled lizards
  2 kobolds
  2 rats
85 creatures vanquished.

Vanquished Creatures (collateral kills)
  An ogre (D:4)
  A scorpion (D:5)
  A centaur skeleton (D:4)
  An orc wizard (D:8)
  3 hound skeletons (D:4)
  4 adders
  4 orcs (D:4)
  A ball python (D:4)
  An endoplasm (D:4)
  A goblin (D:4)
  A hobgoblin (D:4)
  A quokka (D:4)
20 creatures vanquished.

Vanquished Creatures (others)
  A battlemage (D:8)
  8 plants (D:4)
9 creatures vanquished.

Grand Total: 114 creatures vanquished

Notes
Turn   | Place    | Note
-------+----------+-------------------------------------------
     0 | D:1      | jlumianski the Gnoll Monk began the quest for the Orb.
     0 | D:1      | Reached XP level 1. HP: 23/23 MP: 1/1
    67 | D:1      | Reached XP level 2. HP: 26/29 MP: 2/2
   450 | D:1      | Reached XP level 3. HP: 34/35 MP: 3/3
  1151 | D:2      | Reached skill level 1 in Invocations
  1283 | D:2      | Reached skill level 1 in Short Blades
  1283 | D:2      | Reached skill level 1 in Long Blades
  1283 | D:2      | Reached skill level 1 in Maces & Flails
  1283 | D:2      | Reached skill level 1 in Polearms
  1283 | D:2      | Reached skill level 1 in Staves
  1283 | D:2      | Reached skill level 1 in Slings
  1283 | D:2      | Reached skill level 1 in Bows
  1283 | D:2      | Reached skill level 1 in Crossbows
  1283 | D:2      | Reached skill level 1 in Throwing
  1283 | D:2      | Reached skill level 1 in Armour
  1283 | D:2      | Reached skill level 1 in Shields
  1283 | D:2      | Reached skill level 1 in Unarmed Combat
  1283 | D:2      | Reached skill level 1 in Spellcasting
  1283 | D:2      | Reached skill level 1 in Evocations
  1436 | D:2      | Noticed Jessica
  1477 | D:2      | Killed Jessica
  1478 | D:2      | Reached XP level 4. HP: 39/41 MP: 5/5
  1530 | D:2      | Reached skill level 1 in Conjurations
  1530 | D:2      | Reached skill level 1 in Hexes
  1530 | D:2      | Reached skill level 1 in Summonings
  1530 | D:2      | Reached skill level 1 in Necromancy
  1530 | D:2      | Reached skill level 1 in Translocations
  1530 | D:2      | Reached skill level 1 in Transmutations
  1530 | D:2      | Reached skill level 1 in Fire Magic
  1530 | D:2      | Reached skill level 1 in Ice Magic
  1530 | D:2      | Reached skill level 1 in Air Magic
  1530 | D:2      | Reached skill level 1 in Earth Magic
  1530 | D:2      | Reached skill level 1 in Poison Magic
  1773 | D:2      | Found a blossoming altar of Fedhas.
  1872 | D:2      | Noticed Robin
  2158 | D:1      | Reached XP level 5. HP: 36/47 MP: 6/6
  2251 | D:2      | Killed Robin
  2595 | D:3      | Found a sacrificial altar of Ru.
  2715 | D:3      | Noticed Terence
  2729 | D:3      | Killed Terence
  3049 | D:4      | Reached XP level 6. HP: 53/53 MP: 8/8
  3080 | D:4      | Found a hazy altar of Hepliaklqana.
  3091 | D:4      | Became a worshipper of Hepliaklqana the Forgotten
  3091 | D:4      | Reached * piety under Hepliaklqana
  3091 | D:4      | Reached ** piety under Hepliaklqana
  3092 | D:4      | Remembered your ancestor Leofdaeg as a battlemage
  3483 | D:4      | Found a snail-covered altar of Cheibriados.
  3484 | D:4      | Noticed Duvessa
  3484 | D:4      | Noticed Dowan
  3490 | D:5      | Entered Level 5 of the Dungeon
  3614 | D:5      | Found a glowing silver altar of Zin.
  3707 | D:5      | Reached XP level 7. HP: 53/53 MP: 10/10
  3770 | D:5      | You fall into a shaft and drop 3 floors!
  3803 | D:8      | Noticed Harold
  3825 | D:8      | HP: 2/81 [orc warrior (6)]
  3825 | D:8      | Mangled by Harold

Illustrated notes

Levels and vault maps discovered:
D:1:      arrival_zaba_pyramid, layout_basic, minmay_misc_feat_encased,
          moated_statue, hangedman_abyss_or_decor_stabs
D:2:      minmay_alternating_diamond, layout_rooms, basic_altar, uniq_robin,
          uniq_jessica
D:3:      layout_basic, mainiacjoe_overflow_surrounded_room, minivault_19,
          minmay_checkerbox, uniq_terence
D:4:      layout_rooms, tso_altar, nicolae_hepliaklqana_hazy_memory, minitemple,
          uniq_duvessa
D:5:      layout_rooms, mainiacjoe_overflow_catwalk, zin_academy, serial_curves,
          eino_curves_03, eino_curves_03, eino_curves_01, eino_curves_03
D:8:      layout_loops_cross, lair_entry_dummy, hex_tiny, uniq_grum, uniq_harold

Skill      XL: |  1  2  3  4  5  6  7 |
---------------+----------------------+-----
Invocations    | 1 2 |  2.6
Short Blades   | 1 2 |  2.3
Long Blades    | 1 2 |  2.3
Maces & Flails | 1 2 |  2.3
Polearms       | 1 2 |  2.3
Staves         | 1 2 |  2.3
Slings         | 1 2 |  2.3
Bows           | 1 2 |  2.3
Crossbows      | 1 2 |  2.3
Throwing       | 1 2 |  2.3
Armour         | 1 2 |  2.3
Shields        | 1 2 |  2.3
Unarmed Combat | 1 2 |  2.3
Spellcasting   | 1 2 |  2.3
Evocations     | 1 2 |  2.3
Conjurations   | 1 |  1.9
Hexes          | 1 |  1.9
Summonings     | 1 |  1.9
Necromancy     | 1 |  1.9
Translocations | 1 |  1.9
Transmutations | 1 |  1.9
Fire Magic     | 1 |  1.9
Ice Magic      | 1 |  1.9
Air Magic      | 1 |  1.9
Earth Magic    | 1 |  1.9
Poison Magic   | 1 |  1.9
Fighting       | 7 |  7.0
Axes           | 7 |  7.0
Dodging        | 7 |  7.0
Stealth        | |  4.8

Action                   |  1- 3 |  4- 6 |  7- 9 || total
-------------------------+-------+-------+-------++-------
Melee: Hand axe          |   113 |    51 |       ||   164
       Bite              |     7 |    10 |     1 ||    18
       Punch             |     1 |       |       ||     1
       Dagger            |       |    56 |    14 ||    70
 Fire: Hunting sling     |       |    42 |     9 ||    51
Invok: Ancestor Life: Ba |       |     1 |       ||     1
       Recall Ancestor   |       |       |     2 ||     2
  Use: Scroll            |     1 |     4 |     1 ||     6
       Potion            |       |       |     1 ||     1
 Stab: Sleeping          |     7 |     2 |       ||     9
Armor: Robe              |    11 |     4 |       ||    15
       Scale mail        |       |    42 |       ||    42
       Chain mail        |       |       |    10 ||    10
Dodge: Dodged            |    75 |    85 |     6 ||   166
